 Dungeon Crawl Stone Soup version 0.23.2-30-g0e89c35649 (webtiles) character file.

Game seed: 13866347220368562672

107 Hatywr the Chiller (level 4, -6/33 HPs)
             Began as a Draconian Ice Elementalist on June 19, 2019.
             Mangled by a howler monkey (7 damage)
             ... on level 4 of the Dungeon.
             The game lasted 00:07:40 (3076 turns).

Hatywr the Chiller (Draconian Ice Elementalist)     Turns: 3076, Time: 00:07:40

Health: -6/33      AC:  5    Str: 10    XL:     4   Next: 57%
Magic:  3/9        EV: 11    Int: 16    God:
Gold:   183        SH:  0    Dex: 12    Spells: 3/9 levels left

rFire    . . .     SeeInvis .   c - +0 whip
rCold    . . .     Gourm    .   (no shield)
rNeg     . . .     Faith    .   (armour unavailable)
rPois    .         Spirit   .   (helmet restricted)
rElec    .         Reflect  .   (no cloak)
rCorr    .         Harm     .   (no gloves)
MR       .....                  (no boots)
Stlth    +.........             (no amulet)
HPRegen  0.11/turn              (no ring)
MPRegen  0.11/turn              (no ring)

@: drained
A: unfitting armour, cold-blooded, AC +5
a: no special abilities


You were on level 4 of the Dungeon.
You were hungry.

You visited 1 branch of the dungeon, and saw 4 of its levels.

You collected 183 gold pieces.

Inventory:

Hand Weapons
 c - a +0 whip (weapon)
Jewellery
 h - a cursed ring of teleportation {unknown}
 k - an uncursed ring of see invisible {unknown}
Scrolls
 a - 2 scrolls of teleportation {unknown}
 d - 2 scrolls of remove curse {unknown}
 e - 2 scrolls of fog {unknown}
 g - 5 scrolls of identify {unknown}
 i - a scroll of blinking {unknown}
 m - a scroll of noise {unknown}
Potions
 f - a potion of haste {unknown}
 j - 2 potions of curing {unknown}
 l - a potion of berserk rage {unknown}
Comestibles
 b - 3 rations
 n - 2 chunks of flesh


   Skills:
 - Level 1.7(0.8) Dodging
 - Level 1.7(0.8) Stealth
 + Level 3.4(2.5) Spellcasting
 - Level 1.0(0.1) Conjurations
 + Level 4.3(3.3) Ice Magic


You had 3 spell levels left.
You knew the following spells:

 Your Spells              Type           Power        Failure   Level  Hunger
a - Freeze                Ice            ##..         4%          1    #......
b - Throw Frost           Conj/Ice       #.....       14%         2    ##.....
c - Ozocubu's Armour      Chrm/Ice       #.......     30%         3    ###....

Your spell library contained the following spells:

 Spells                   Type           Power        Failure   Level  Hunger
 Confusing Touch          Hex            #.....       21%         1    #......
 Confuse                  Hex            #.......     52%         3    ###....
 Gell's Gravitas          Tloc           #.........   52%         3    ###....
 Throw Icicle             Conj/Ice       #.......     67%         4    #####..
 Summon Ice Beast         Ice/Summ       #.......     69%         4    #####..
 Petrify                  Tmut/Erth      #.......     89%         4    #####..
 Metabolic Englaciation   Hex/Ice        #.........   95%         5    ######.
 Yara's Violent Unravell  Hex/Tmut       #.........   99%         5    ######.


Dungeon Overview and Level Annotations

Branches:
Dungeon (4/15)
 Temple: D:4-7

Altars:
Ru
Wu Jian
Xom


Innate Abilities, Weirdness & Mutations

Your plain brown scales are hard. (AC +5)
You cannot fit into any form of body armour.
You are cold-blooded and may be slowed by cold attacks.


Message History

Found 11 stones and a spear.
Found a stone staircase leading down.
Casting: Ozocubu's Armour (safe; 30% risk of failure)
Confirm with . or Enter, or press ? or * to list all spells.
A film of ice covers your body!
A howler monkey comes into view.
The wight hits you but does no damage. x2
Your icy armour cracks and falls away as you move.
A dart slug comes into view.
The dart slug launches a dart at you. The slug dart misses you.
There is an open door here.
The howler monkey closely misses you.
You are feeling hungry.
You barely miss the howler monkey.
The howler monkey hits you but does no damage.
The wight hits you with a +3 falchion!
* * * LOW HITPOINT WARNING * * *
The howler monkey hoots and howls with incredible vigour!
The howler monkey hits you!
You die...

..... ....#+####
........# #.......#
#..)....# #.......####
#.......≈≈≈# #..@h..≈≈≈≈≈
##############..z...≈≈w≈≈
.(.(.........#..z...≈≈≈≈≈
.............####z##.≈≈≈#
.............####.# ####
............zzz...#
.............######
.............#
.............#


You could see a howler monkey, 3 wights and a dart slug.

Vanquished Creatures
  4 adders
  2 worms
  A dart slug (D:1)
  4 leopard geckos
  2 orcs (D:3)
  8 bats
  5 giant cockroaches
  6 goblins
  5 hobgoblins
  A quokka (D:2)
  2 ball pythons
  2 frilled lizards
  8 kobolds
  8 rats
58 creatures vanquished.

Notes
Turn   | Place    | Note
-------+----------+-------------------------------------------
     0 | D:1      | Hatywr the Draconian Ice Elementalist began the quest for
                  | the Orb.
     0 | D:1      | Reached XP level 1. HP: 14/14 MP: 3/3
   338 | D:1      | Reached XP level 2. HP: 20/20 MP: 3/5
   871 | D:2      | Learned a level 2 spell: Throw Frost
   880 | D:2      | Found an ornate altar of the Wu Jian Council.
   962 | D:2      | Reached XP level 3. HP: 26/26 MP: 1/7
  1058 | D:2      | Found a shimmering altar of Xom.
  1313 | D:2      | Found a sacrificial altar of Ru.
  1453 | D:2      | Reached skill level 4 in Ice Magic
  1614 | D:2      | Reached XP level 4. HP: 33/33 MP: 5/8
  1894 | D:3      | Learned a level 3 spell: Ozocubu's Armour
  3075 | D:4      | HP: 1/33 [wight/+3 falchion (9)]
  3076 | D:4      | Mangled by a howler monkey

Skill      XL: |  1  2  3 |
---------------+----------+-----
Spellcasting   | 3 |  3.4
Ice Magic      | 4 |  4.3
Dodging        | |  1.7
Stealth        | |  1.7
Conjurations   | |  1.0

Action                   |  1- 3 |  4- 6 || total
-------------------------+-------+-------++-------
Melee: Whip              |     4 |    11 ||    15
       Tailslap          |       |     6 ||     6
 Cast: Freeze            |    63 |    34 ||    97
       Throw Frost       |       |     4 ||     4
       Ozocubu's Armour  |       |     3 ||     3
  Eat: Chunk             |     3 |     4 ||     7
Armor: Skin              |    20 |    14 ||    34
Dodge: Dodged            |    37 |    26 ||    63
